 Dungeon Crawl Stone Soup version 0.29.1-15-g9cfb28693d (webtiles) character file.

Game seed: 8812087972294258876

9704 LustLizard the Cleaver (level 11, -6/93 HPs)
             Began as a Hill Orc Fire Elementalist on Mar 5, 2023.
             Was an Elder of Beogh.
             Mangled by Snorg (14 damage)
             ... on level 11 of the Dungeon.
             The game lasted 00:30:45 (15252 turns).

LustLizard the Cleaver (HOFE)                      Turns: 15252, Time: 00:30:46

Health: -6/93      AC:  8    Str: 16    XL:     11   Next: 50%
Magic:  7/18       EV: 14    Int: 19    God:    Beogh [****..]
Gold:   962        SH:  9    Dex:  8    Spells: 10/20 levels left

rFire   + . .      SeeInvis .   t - +10 war axe "Guekhlu" {pain, Will+ Int+4}
rCold   + + .      Faith    .   h - +1 kite shield of the Pits of Slime {rF+ rC++ Dex-3}
rNeg    . . .      Spirit   .   y - +1 robe of the Kettle-Drum {+Blink rElec Stlth+}
rPois   .          Reflect  .   v - +0 helmet
rElec   +          Harm     .   Q - +2 cloak {Stlth+}
rCorr   .          Rampage  .   (no gloves)
Will    +....                   L - +0 pair of boots
Stlth   +++.......              (no amulet)
HPRegen 0.25/turn               e - ring of wizardry
MPRegen 0.16/turn               z - +4 ring of evasion

@: no status effects
A: no striking features
a: Renounce Religion, Evoke Blink, Smiting, Recall Orcish Followers


You were on level 11 of the Dungeon.
You worshipped Beogh.
Beogh was greatly pleased with you.
You visited 1 branch of the dungeon, and saw 11 of its levels.
You also visited: Sewer, Ossuary and Bailey.

You collected 962 gold pieces.

Inventory:

Hand Weapons
 t - the +10 war axe "Guekhlu" (weapon) {pain, Will+ Int+4}
   (You found it on level 4 of the Dungeon)

   In the hands of one skilled in necromantic magic, it inflicts extra damage on
   living creatures.
   Int:       It affects your intelligence (+4).
   Will:      It increases your willpower.
 N - a +0 broad axe
Missiles
 M - a throwing net
Armour
 h - the +1 kite shield of the Pits of Slime (worn) {rF+ rC++ Dex-3}
   (You found it on level 2 of the Dungeon)

   Dex:       It affects your dexterity (-3).
   rF:        It protects you from fire.
   rC:        It greatly protects you from cold.
 v - a +0 helmet (worn)
 y - the +1 robe of the Kettle-Drum (worn) {+Blink rElec Stlth+}
   (You found it on level 5 of the Dungeon)

   rElec:     It insulates you from electricity.
   +Blink:    It lets you blink.
   Stlth:     It makes you more stealthy.
 L - a +0 pair of boots (worn)
 Q - a +2 cloak of stealth (worn)
Jewellery
 e - a ring of wizardry (left hand)
 f - a ring of flight
 z - a +4 ring of evasion (right hand)
 H - a ring of protection from fire
 R - a +6 ring of intelligence
Wands
 x - a wand of quicksilver (7)
 J - a wand of digging (9)
 K - a wand of flame (9)
 S - a wand of paralysis (2)
Scrolls
 c - a scroll of poison
 d - 10 scrolls of teleportation
 g - a scroll of vulnerability
 j - a scroll of amnesia
 l - 7 scrolls of summoning
 m - 2 scrolls of noise
 o - 2 scrolls of blinking {unknown}
 p - a scroll of silence {unknown}
 q - 2 scrolls of enchant weapon {unknown}
 s - 2 scrolls of brand weapon {unknown}
 u - 2 scrolls of fog {unknown}
 C - 2 scrolls of magic mapping {unknown}
 E - 2 scrolls of fear {unknown}
 P - 2 scrolls of enchant armour
Potions
 a - 6 potions of flight
 b - 4 potions of magic
 i - 9 potions of brilliance
 k - 4 potions of invisibility
 n - 6 potions of might
 r - a potion of ambrosia
 w - 5 potions of curing
 A - a potion of heal wounds
 B - 2 potions of berserk rage
 D - a potion of mutation
 F - 2 potions of cancellation
 G - a potion of resistance
 I - a potion of attraction
 O - a potion of haste


   Skills:
 + Level 7.6 Fighting
 * Level 11.2 Axes
 - Level 1.5 Dodging
 - Level 1.5 Stealth
 + Level 5.3 Shields
 + Level 5.1 Spellcasting
 - Level 5.5 Conjurations
 - Level 2.6 Hexes
 + Level 3.8 Necromancy
 - Level 5.5 Fire Magic
 - Level 10.0 Invocations


You had 10 spell levels left.
You knew the following spells:

 Your Spells              Type           Power      Damage    Failure   Level
a - Foxfire               Conj/Fire      100%       2x1d9     1%          1
b - Scorch                Fire           52%        2d7       2%          2
c - Inner Flame           Hex/Fire       20%        N/A       8%          3
d - Flame Wave            Conj/Fire      25%        2d8       14%         4

Your spell library contained the following spells:

 Spells                   Type           Power      Damage    Failure   Level
 Conjure Flame            Conj/Fire      25%        6-21      4%          3
 Sticky Flame             Conj/Fire      25%        2d5       14%         4
 Ignite Poison            Fire/Tmut/Pois 11%        N/A       19%         3
 Animate Dead             Necr           19%        N/A       26%         4
 Haunt                    Necr/Summ      6%         N/A       100%        7
 Infestation              Necr           9%         N/A       100%        8


Dungeon Overview and Level Annotations

Branches:
Dungeon (11/15)            Temple (0/1) D:6            Lair (0/5) D:10
    Orc (0/2) D:10          Sewer (visited)         Ossuary (visited)
 Bailey (visited)

Altars:
Ashenzari
Gozag
Kikubaaqudgha
Uskayaw
Zin
The Shining One

Shops:
D:4 *   D:9 [

Annotations:
D:3 3 runed translucent doors, BuddhaDhamma's ghost, amateur MiBe
D:11 Snorg


Message History

Confirm with . or Enter, or press ? or * to list all spells.
Flames lash Snorg.
Snorg is burned terribly!
Snorg is heavily wounded.
Snorg completely misses you. x2; Snorg claws you!
You block Snorg's attack. Snorg claws you. Snorg misses you.
Jorge hits Snorg with a +0 dagger.
Casting: Scorch (safe; 2% risk of failure)
Confirm with . or Enter, or press ? or * to list all spells.
Flames lash Snorg.
Snorg is burned terribly!
Snorg is heavily wounded.
Snorg bites you! You block Snorg's attack. Snorg claws you.
Jorge barely misses Snorg.
Your orc wizard hits Snorg with a +0 dagger.
You barely miss Snorg.
Snorg is heavily wounded.
Snorg closely misses you. Snorg misses you. Snorg closely misses you. x2
You block Snorg's attack. Snorg claws you!
Jorge hits Snorg with a +0 dagger.
Your orc closely misses Snorg.
Your orc wizard points at Snorg and mumbles some strange words.
The puff of flame hits Snorg!
Snorg is burned terribly!
You hit Snorg.
Snorg is severely wounded.
Snorg bites you!
* * * LOW HITPOINT WARNING * * *
Snorg misses you. Snorg claws you.
* * * LOW HITPOINT WARNING * * *
Your orc wizard barely misses Snorg.
Jorge barely misses Snorg.
Your orc misses Snorg. You slice Snorg!!
Snorg is severely wounded.
You block Snorg's attack. Snorg completely misses you.
Snorg claws you but does no damage. Snorg completely misses you.
You block Snorg's attack. Snorg claws you!!
* * * LOW HITPOINT WARNING * * *
Jorge mumbles some strange prayers to Beogh against Snorg.
Snorg is smitten.
Your orc barely misses Snorg.
Your orc wizard barely misses Snorg.
You feel much better. Snorg bites you!!
* * * LOW HITPOINT WARNING * * *
Snorg claws you!
You die...

................).......
..............##########
.................... ...
.................... ...
##............... ..#
#...#####....... . #...#
#....... #...# #.......
#..@# .......
......ooT..........
.^.....oo......
#####..........
........... ............
...........##
.##########.#


You could see Snorg (berserk, combustible, ally target), the friendly Jorge the
orc priest, a friendly orc wizard and 2 friendly orcs.

Vanquished Creatures
  Pikel (D:6)
  2 cyclopes (D:11)
  A troll (D:10)
  Grinder (D:6)
  Sigmund (D:6)
  2 shadows
  5 yaks (D:9)
  5 wyverns
  2 steam dragons
  3 water moccasins
  Duvessa (D:6)
  5 orc warriors
  A black bear (D:7)
  An ogre (D:5)
  A lemure (D:6)
  3 centaurs
  A phantom (D:5)
  2 kobold brigands
  2 bullfrogs
  Blork the orc (D:6)
  A necrophage (D:6)
  2 gnoll sergeants
  3 scorpions
  16 wights
  Dowan (D:6)
  9 killer bees
  2 howler monkeys (D:9)
  5 hounds
  4 jellies
  An orc priest (D:7)
  2 gnoll boudas
  6 iguanas
  2 orc wizards
  A merfolk avatar (Sewer)
  A merfolk siren (Sewer)
  8 mummies (Ossuary)
  5 adders
  20 gnolls
  4 river rats (Sewer)
  A white imp (D:7)
  An ufetubus (D:5)
  3 dart slugs
  15 orcs
  7 endoplasms
  3 giant cockroaches (Sewer)
  A gnoll zombie (Ossuary)
  11 hobgoblins
  22 kobolds
  7 quokkas
  15 ball pythons
  12 bats
  2 frilled lizards
  10 goblins
  A hobgoblin zombie (Ossuary)
  3 kobold zombies (Ossuary)
  3 orc zombies (Ossuary)
  34 rats
285 creatures vanquished.

Vanquished Creatures (collateral kills)
  A two-headed ogre (D:10)
  An orc knight (Bailey)
  A komodo dragon (D:10)
  2 yaks
  A water moccasin (D:10)
  A black bear (D:10)
  2 orc warriors (Bailey)
  3 wights (D:10)
  An orc priest (D:8)
  5 orcs (Bailey)
  3 foxfires (D:10)
21 creatures vanquished.

Vanquished Creatures (others)
  An orc warrior (D:9)
  17 orcs
  A hobgoblin (D:4)
  935 foxfires
  45 fungi (D:10)
  44 plants (D:10)
1043 creatures vanquished.

Grand Total: 1349 creatures vanquished

Notes
Turn   | Place    | Note
-------+----------+-------------------------------------------
     0 | D:1      | LustLizard the Hill Orc Fire Elementalist began the quest
                  | for the Orb.
     0 | D:1      | Reached XP level 1. HP: 14/14 MP: 3/3
    53 | D:1      | Reached XP level 2. HP: 22/22 MP: 0/4
   537 | D:1      | Reached skill level 1 in Fighting
   537 | D:1      | Reached XP level 3. HP: 28/28 MP: 1/5
   919 | D:1      | Learned a level 2 spell: Scorch
  1619 | D:2      | Reached XP level 4. HP: 35/35 MP: 2/6
  1746 | D:2      | Identified the +1 kite shield of the Pits of Slime {rF+
                  | rC++ Dex-3}
  2616 | D:3      | Found a runed translucent gate.
  2616 | D:3      | Found a runed translucent gate.
  2616 | D:3      | Found a runed translucent gate.
  2619 | D:3      | Noticed BuddhaDhamma's ghost (amateur MiBe)
  2704 | D:3      | Found an ancient bone altar of Kikubaaqudgha.
  2720 | D:3      | Found an opulent altar of Gozag.
  3517 | D:3      | Learned a level 3 spell: Inner Flame
  3526 | D:4      | Reached XP level 5. HP: 41/41 MP: 3/8
  3890 | D:4      | Found Souso's Overcharged Wands.
  4004 | D:4      | Became a worshipper of Beogh the Brigand
  4094 | D:4      | Identified the +10 war axe "Guekhlu" {pain, Will+ Int+4}
  4166 | D:4      | Reached XP level 6. HP: 48/48 MP: 1/9
  4241 | D:4      | Reached skill level 1 in Axes
  4241 | D:4      | Reached skill level 1 in Hexes
  4711 | D:4      | Found a glowing silver altar of Zin.
  4711 | D:4      | Found a broken altar of Ashenzari.
  4712 | D:4      | Found a glowing golden altar of the Shining One.
  4890 | D:5      | Entered Level 5 of the Dungeon
  4944 | D:5      | Reached skill level 2 in Axes
  4965 | D:5      | Reached skill level 5 in Fire Magic
  4980 | D:5      | Reached XP level 7. HP: 36/56 MP: 7/10
  5002 | D:5      | Found a hide-covered altar of Uskayaw.
  5189 | D:5      | Reached skill level 3 in Axes
  5306 | D:5      | Reached skill level 4 in Axes
  5361 | D:5      | Identified the +1 robe of the Kettle-Drum {+Blink rElec
                  | Stlth+}
  5526 | D:5      | Found a glowing drain.
  5534 | Sewer    | Entered a sewer
  5757 | Sewer    | Reached * piety under Beogh
  5824 | Sewer    | Reached XP level 8. HP: 66/66 MP: 6/12
  6755 | D:5      | Learned a level 4 spell: Flame Wave
  6817 | D:6      | Noticed Blork the orc
  6825 | D:6      | Killed Blork the orc
  6862 | D:6      | Reached skill level 5 in Axes
  6862 | D:6      | Reached skill level 1 in Invocations
  6894 | D:6      | Noticed Duvessa
  6895 | D:6      | Reached ** piety under Beogh
  6927 | D:6      | Found a staircase to the Ecumenical Temple.
  6951 | D:6      | Killed Duvessa
  7022 | D:6      | Found a sand-covered staircase.
  7031 | Ossuary  | Entered an ossuary
  7508 | D:6      | Identified the +11 short sword "Woahuamia" {vorpal, rElec
                  | rF+ Int-5}
  7525 | D:6      | Noticed Grinder
  7528 | D:6      | Reached skill level 6 in Axes
  7548 | D:6      | Killed Grinder
  7549 | D:6      | Reached skill level 1 in Shields
  7549 | D:6      | Reached XP level 9. HP: 72/72 MP: 2/14
  7582 | D:6      | Noticed Dowan
  7771 | D:6      | Killed Dowan
  7876 | D:6      | Noticed Sigmund
  7886 | D:6      | Killed Sigmund
  7887 | D:6      | Reached skill level 5 in Fighting
  7957 | D:6      | Noticed Pikel
  7968 | D:6      | Killed Pikel
  7969 | D:6      | Reached skill level 7 in Axes
  7969 | D:6      | Reached skill level 5 in Conjurations
  7969 | D:6      | Reached skill level 5 in Invocations
  8682 | D:7      | Reached skill level 8 in Axes
  9568 | D:8      | Reached XP level 10. HP: 79/83 MP: 6/16
  9804 | D:8      | Reached *** piety under Beogh
  9805 | D:8      | Reached skill level 1 in Necromancy
 10688 | D:8      | Reached skill level 9 in Axes
 11274 | D:9      | Found Wiatiatu's Armour Emporium.
 12423 | D:9      | Reached skill level 10 in Axes
 12705 | D:9      | Reached **** piety under Beogh
 12894 | D:10     | Entered Level 10 of the Dungeon
 12909 | D:10     | Reached XP level 11. HP: 92/92 MP: 5/18
 12923 | D:10     | Found a flagged portal.
 13078 | Bailey   | Entered a bailey
 13319 | Bailey   | Gained Boruk as an ally
 13443 | Bailey   | Noticed an orc knight
 13455 | Bailey   | Noticed an orc knight
 13462 | Bailey   | Killed an orc knight
 13628 | D:10     | Acquired a +2 cloak of stealth
 13694 | D:10     | Reached skill level 5 in Shields
 13704 | D:10     | Reached skill level 5 in Spellcasting
 13815 | D:10     | Found a staircase to the Lair.
 14155 | D:10     | Noticed a two-headed ogre
 14161 | D:10     | Killed a two-headed ogre
 14372 | D:10     | Found a staircase to the Orcish Mines.
 15021 | D:11     | Noticed a cyclops
 15029 | D:11     | Reached skill level 11 in Axes
 15037 | D:11     | Killed a cyclops
 15038 | D:11     | Reached skill level 10 in Invocations
 15182 | D:11     | Noticed a cyclops
 15191 | D:11     | Killed a cyclops
 15191 | D:11     | Gained Jorge as an ally
 15242 | D:11     | Noticed Snorg
 15252 | D:11     | Mangled by Snorg

Illustrated notes

Levels and vault maps discovered:
D:1:      dpeg_arrival_pits, layout_basic, amcnicky_mini_rare_corridor_liquid,
          minmay_octomino_e4
D:2:      layout_rooms
D:3:      layout_basic, mainiacjoe_overflow_catwalk_spiral,
          ebering_ghost_rock_garden
D:4:      layout_basic, gammafunk_temple_overflow_claw,
          nicolae_shop_overcharged_wands
D:5:      layout_loops_corners, kennysheep_little_box, portal_sewer_entry_b,
          nrook_pool_corridor
D:6:      layout_rooms, minmay_temple_entry_poolview,
          nicolae_ossuary_entry_monument, nicolae_elevator_lobby_plus,
          uniq_grinder, uniq_pikel, uniq_blork_the_orc, uniq_duvessa,
          uniq_sigmund
D:7:      layout_basic
D:8:      layout_basic
D:9:      layout_loops_ring, serial_shops, nicolae_square_shop
D:10:     layout_layer_cave, due_lair_maze_entry_diamond, enter_bailey_2
D:11:     layout_long_grid, hangedman_decor_lopped, uniq_fannar, uniq_snorg

Skill      XL: |  1  2  3  4  5  6  7  8  9 10 11 |
---------------+----------------------------------+-----
Fighting       | 1 2 3 4 5 7 |  7.6
Conjurations   | 2 3 4 5 |  5.5
Fire Magic     | 4 5 |  5.5
Spellcasting   | 2 3 4 5 |  5.1
Axes           | 2 4 6 8 10 11 | 11.2
Hexes          | 1 2 |  2.6
Invocations    | 4 6 8 10 | 10.0
Shields        | 1 3 4 5 |  5.3
Necromancy     | 2 3 |  3.8
Dodging        | |  1.5
Stealth        | |  1.5

Action                   |  1- 3 |  4- 6 |  7- 9 | 10-12 || total
-------------------------+-------+-------+-------+-------++-------
Melee: Whip              |     1 |    21 |       |       ||    22
       War axe           |       |     8 |    75 |   114 ||   197
       Punch             |       |       |     1 |     4 ||     5
 Cast: Foxfire           |    82 |   126 |   185 |   162 ||   555
       Scorch            |       |     9 |    33 |    57 ||    99
Invok: Convert to Beogh  |       |     1 |       |       ||     1
Evoke: Wand              |       |     2 |     1 |       ||     3
  Use: Scroll            |       |     1 |    14 |     6 ||    21
       Potion            |       |       |     3 |     4 ||     7
 Stab: Distracted        |       |       |       |     1 ||     1
       Sleeping          |       |       |       |     1 ||     1
Armor: Robe              |       |     5 |     8 |    11 ||    24
       Leather armour    |       |     2 |     6 |       ||     8
Dodge: Dodged            |     3 |    36 |    57 |   115 ||   211
Block: Kite shield       |       |       |       |     9 ||     9
